 Dungeon Crawl Stone Soup version 0.14-a0-1707-g75daffb (webtiles) character file.

415 Nicoed the Shield-Bearer (level 5, 0/49 HPs)
             Began as a Deep Dwarf Fighter on Dec 31, 2013.
             Killed from afar by Dowan (17 damage)
             ... with a shard of ice
             ... on Level 4 of the Dungeon.
             The game lasted 00:08:52 (1930 turns).

Nicoed the Shield-Bearer (Deep Dwarf Fighter)       Turns: 1930, Time: 00:08:52

HP   0/49        AC  9     Str 20      XL: 5   Next: 95%
MP   5/5         EV  6     Int  9      God:
Gold 155         SH 21     Dex 12      Spells:  0 memorised,  4 levels left

rFire  + . .     SeeInvis .     a - +0 dwarf hand axe
rCold  x . .     Clarity  .     b - +0 dwarf scale mail
rNeg   . . .     Conserve .     c - +0 dwarf shield
rPois  .         rCorr    .     (no helmet)
rElec  .         rRot     .     (no cloak)
SustAb . .       Spirit   .     (no gloves)
rMut   .         Warding  .     t - +0 pair of elf boots
Saprov . . .     Stasis   .     (no amulet)
                                (no ring)
                                x - ring of fire

@: non-regenerating, drained, somewhat resistant to hostile enchantments,
extremely unstealthy
A: damage resistance, recharge devices, sense surroundings 1, slow healing 3
a: Device Recharging


You were on level 4 of the Dungeon.
You were not hungry.

You visited 1 branch of the dungeon, and saw 4 of its levels.

You collected 155 gold pieces.

Inventory:

Hand weapons
 a - a +0,+0 dwarven hand axe (weapon)
Armour
 b - a +0 dwarven scale mail (worn)
 c - a +0 dwarven shield (worn)
 t - a +0 pair of elven boots (worn)
Magical devices
 d - a wand of heal wounds (2)
Comestibles
 f - 3 bread rations
 m - a meat ration
Scrolls
 h - a scroll of teleportation
 i - a scroll of remove curse
 q - a scroll of curse armour
 s - a scroll of enchant weapon I
 w - a scroll of blinking {unknown}
 y - a scroll of noise {unknown}
Jewellery
 x - a ring of fire (left hand)
Potions
 e - 2 potions of curing {unknown}
 g - a potion of agility {unknown}
 j - 2 potions of heal wounds {unknown}
 n - a potion of brilliance {unknown}
 o - a potion of resistance {unknown}
 v - 2 potions of paralysis {unknown}
 z - a potion of poison {unknown}


   Skills:
 - Level 3.1(2.2) Fighting
 * Level 3.2(2.3) Axes
 + Level 4.7(3.8) Armour
 + Level 2.7(1.8) Dodging
 + Level 4.8(3.9) Shields


You had 4 spell levels left.
You didn't know any spells.

Dungeon Overview and Level Annotations

Branches:
Dungeon (4/16)
 Temple: D:4-7

Altars:

Annotations:
D:4 Dowan


Innate Abilities, Weirdness & Mutations

You are resistant to damage.
You can recharge devices by infusing magical energy.
You passively map a small area around you.
You do not heal naturally.


Message History

You closely miss Dowan. You hit Duvessa.
Duvessa is almost dead.
You block Duvessa's attack.
Duvessa hits you with an elven short sword of draining.
You feel drained. Dowan gestures at you while chanting.
The puff of flame hits you! You resist.
You hit Dowan.
Dowan is lightly wounded.
You hit Duvessa.
You kill Duvessa!
Dowan screams, "No!
Oh no!"
Dowan seems to find hidden reserves of power!
Dowan casts a spell at you. You block the stone arrow.
Dowan hits you but does no damage.
You miss Dowan.
Dowan is lightly wounded.
Dowan points at you and mumbles some strange words.
The shard of ice hits you!
You feel a painful chill!
You die...

#.# . #.# . #.# .##
#.# *..# #.# *#.# *
#.# #.# #.# ##.####
#.##########......
##@............#*
#.....e)......#####.#
# #.###########.# #.#
# #.# #.# # #.# #.# #
* #.#####.#### ,
#........... *
#######.###. #.....


You could see Dowan.

Vanquished Creatures
  Duvessa (D:4)
  The ghost of Psiweapon the Insei, a weakling OpTm (D:3)
  An orc priest (D:3)
  4 adders
  2 worms
  3 giant geckos
  5 orcs (D:3)
  A ball python (D:2)
  5 giant cockroaches
  9 goblins
  8 hobgoblins
  4 jackals (D:2)
  8 kobolds
  10 bats
  2 rats
64 creatures vanquished.

Notes
Turn   | Place    | Note
--------------------------------------------------------------
     0 | D:1      | Nicoed, the Deep Dwarf Fighter, began the quest for the Orb.
     0 | D:1      | Reached XP level 1. HP: 20/20 MP: 1/1
   174 | D:1      | Reached XP level 2. HP: 22/27 MP: 2/2
   594 | D:2      | Reached XP level 3. HP: 25/34 MP: 3/3
   750 | D:2      | Reached skill level 4 in Shields
   890 | D:2      | Reached skill level 1 in Dodging
  1153 | D:3      | Reached XP level 4. HP: 25/42 MP: 4/4
  1203 | D:3      | HP: 1/42 [orc priest/divine providence (10)]
  1250 | D:3      | Noticed Psiweapon's ghost (weakling OpTm)
  1271 | D:3      | Killed Psiweapon's ghost
  1271 | D:3      | Reached XP level 5. HP: 25/49 MP: 5/5
  1913 | D:4      | Noticed Duvessa
  1921 | D:4      | Noticed Dowan
  1929 | D:4      | Killed Duvessa
  1930 | D:4      | Killed from afar by Dowan

Action                   |  1- 3 |  4- 6 || total
-------------------------+-------+-------++-------
Melee: Hand axe          |   143 |    90 ||   233
Evoke: Wand              |       |     3 ||     3
  Use: Scroll            |       |     7 ||     7
